Map: Abyssal Reef LE

Players

MooEsqoo

  • Race: Zerg Zerg
  • Spawn Location: 5:00

A.I. 1 (Very Hard) - Winner!

  • Race: Zerg Zerg
  • Spawn Location: 11:00

VOD

Have the link to the VOD?

Description

Time

  • Played on: Dec. 21, 2019, 12:42 a.m.
  • Length: 21:25
Show
View Real Time Build Order
Export as new Build Order

MooEsqoo Zerg 

Build Orders: Hatch First 

Get SALT Encoding   

  12  0:02  Drone  
  13  0:13  Overlord  
  13  0:17  Drone  
  14  0:32  Drone x2  
  16  0:36  Drone  
  17  0:49  Drone  
  18  1:00  Hatchery  
  17  1:05  Drone  
  17  1:08  Extractor  
  17  1:11  Drone  
  18  1:20  Drone  
  18  1:25  Spawning Pool  
  18  1:31  Drone  
  19  1:44  Drone  
  20  1:52  Drone  
  21  2:02  Overlord  
  21  2:12  Queen x2  
  21  2:14  Zergling x4  
  27  2:16  Metabolic Boost  
  27  2:40  Drone  
  27  2:41  Drone  
  27  2:42  Drone x2  
  31  2:47  Drone x2  
  33  3:01  Drone x2  
  35  3:09  Hatchery  
  34  3:17  Drone x2  
  36  3:21  Overlord x2  
  36  3:39  Queen  
  38  3:43  Zergling x8  
  38  3:44  Zergling x2  
  38  3:46  Zergling x2  
  44  4:16  Lair  
  44  4:17  Roach Warren, Zergling x6  
  44  4:18  Evolution Chamber, Zergling x6  
  44  4:19  Zergling x6  
  44  4:20  Zergling x2, Evolution Chamber  
  51  4:39  Zergling x8  
  55  4:50  Zergling x2  
  55  4:51  Drone  
  56  5:02  Zergling x2  
  56  5:04  Overlord x4  
  43  5:25  Zergling x4  
  43  5:26  Zergling x4, Drone x2  
  44  5:52  Drone x2  
  44  5:55  Roach x2  
  50  6:11  Extractor  
  50  6:12  Extractor  
  50  6:13  Zerg Ground Armor Level 1, Zerg Missile Weapons Level 1  
  50  6:15  Glial Reconstitution  
  48  6:23  Extractor  
  47  6:30  Spire  
  46  6:48  Roach x2  
  46  6:49  Zergling x6  
  46  6:50  Zergling x16  
  46  6:51  Zergling x4  
  46  6:52  Zergling x2  
  46  6:53  Drone x2  
  46  6:54  Drone x3  
  69  7:14  Roach  
  69  7:15  Roach x4  
  79  7:16  Drone  
  80  7:28  Infestation Pit  
  80  7:29  Roach x2  
  83  7:30  Drone  
  84  7:44  Zergling x10  
  86  7:45  Zergling x2  
  86  7:46  Overlord x4  
  90  8:04  Zergling x2  
  90  8:05  Zergling x2, Drone x2  
  94  8:17  Zergling x4, Drone x2  
  60  8:43  Zergling x4  
  60  8:44  Zergling x8, Drone x2  
  53  9:06  Roach x6, Drone  
  53  9:07  Drone  
  67  9:10  Zerg Missile Weapons Level 2  
  67  9:16  Drone  
  68  9:25  Roach x2  
  72  9:58  Roach x2  
  72  9:59  Roach x3  
  84  10:00  Roach x2  
  84  10:03  Drone x2  
  88  10:11  Ravager x3  
  88  10:12  Ravager x2  
  93  10:14  Roach  
  93  10:15  Roach x5  
  93  10:16  Drone  
  106  10:27  Roach  
  106  10:28  Roach x2  
  112  10:29  Roach, Drone x2  
  116  10:50  Roach x2  
  116  10:53  Overlord x3  
  116  10:56  Ravager  
  121  11:02  Zerg Ground Armor Level 2  
  121  11:12  Hive  
  121  11:16  Ravager x6  
  121  11:17  Ravager x4  
  131  11:19  Roach x5  
  131  11:20  Roach  
  131  11:22  Drone  
  131  11:24  Drone  
  145  11:27  Extractor  
  145  11:28  Extractor  
  145  11:30  Roach  
  145  11:33  Overlord  
  145  11:46  Hatchery  
  113  12:09  Zergling x2  
  113  12:10  Zergling x12, Drone  
  113  12:11  Drone  
  122  12:23  Zergling x6  
  113  12:49  Zergling x10  
  113  12:50  Drone  
  90  13:02  Zergling x8  
  90  13:03  Zergling x2, Drone x2  
  86  13:13  Zergling x2  
  86  13:14  Zergling x2, Drone x2  
  90  13:23  Zergling x4  
  92  13:32  Corruptor x2  
  92  13:33  Corruptor x2  
  92  13:48  Queen x2  
  92  13:49  Queen  
  98  14:03  Zergling x2  
  98  14:04  Zergling x14  
  98  14:05  Zergling x6  
  98  14:06  Roach x2  
  98  14:07  Roach  
  96  14:21  Roach x3  
  96  14:22  Roach, Drone x2  
  106  14:33  Roach  
  106  14:34  Roach x5  
  106  14:35  Roach x3  
  124  15:07  Extractor  
  124  15:10  Extractor  
  124  15:12  Roach x2  
  124  15:13  Roach x7  
  144  15:14  Roach x3  
  144  15:15  Roach  
  144  15:16  Overlord  
  144  15:17  Drone  
  149  15:21  Ravager x3  
  149  15:22  Ravager x6  
  149  15:23  Ravager  
  149  15:25  Overlord x2  
  149  15:26  Overlord x2  
  159  15:42  Overlord  
  159  15:43  Overlord x2  
  159  15:44  Roach  
  159  15:45  Roach x3  
  159  15:46  Roach  
  159  15:48  Zergling x4  
  171  16:15  Greater Spire  
  171  16:16  Corruptor x2  
  171  16:17  Corruptor  
  171  16:18  Corruptor  
  177  16:20  Roach x5  
  177  16:21  Roach  
  177  16:23  Zergling x4  
  193  16:25  Ravager  
  193  16:26  Ravager x3  
  193  16:27  Ravager x2  
  199  16:56  Zerg Ground Armor Level 3  
  199  16:57  Zerg Missile Weapons Level 3  
  156  17:18  Zergling x4  
  156  17:19  Zergling x12  
  156  17:20  Zergling x4  
  129  17:51  Corruptor, Roach x2  
  129  17:52  Corruptor x4  
  139  18:02  Brood Lord x3  
  145  18:09  Corruptor, Drone  
  145  18:10  Corruptor x6  
  145  18:11  Corruptor  
  162  18:35  Zerg Flyer Weapons Level 1  
  162  18:39  Corruptor x4  
  170  18:46  Brood Lord  
  172  19:24  Brood Lord x4, Hatchery  
  176  19:30  Extractor  
  158  19:35  Extractor  
  117  19:42  Roach x6  
  117  19:43  Roach x7  
  117  19:45  Zergling x14  
  123  19:46  Zergling x2  
  121  20:12  Roach  
  121  20:13  Roach x4  
  117  20:22  Zergling x6  
  117  20:23  Zergling x4  
  110  20:44  Corruptor x4  
Show
View Real Time Build Order
Export as new Build Order

A.I. 1 (Very Hard) Zerg - Winner!

Build Orders: Pool First, Lurkers 

Get SALT Encoding   

  12  0:00  Drone  
  13  0:12  Overlord  
  13  0:16  Drone  
  14  0:30  Drone x2  
  16  0:42  Spawning Pool  
  15  0:46  Drone  
  16  0:50  Drone  
  17  1:14  Hatchery  
  17  1:15  Drone  
  17  1:18  Extractor  
  16  1:20  Drone  
  16  1:22  Extractor  
  16  1:25  Drone  
  17  1:30  Drone  
  18  1:38  Drone  
  19  1:49  Overlord  
  19  1:56  Queen  
  21  2:01  Zergling x2  
  22  2:10  Drone  
  23  2:26  Queen  
  23  2:29  Drone  
  26  2:35  Drone  
  27  2:40  Drone  
  28  2:45  Drone  
  29  2:57  Roach Warren  
  28  2:59  Drone  
  28  3:03  Drone  
  30  3:06  Zergling x2  
  30  3:09  Zergling x2  
  32  3:15  Overlord  
  32  3:18  Drone  
  33  3:22  Drone  
  34  3:37  Roach x2  
  34  3:38  Roach  
  34  3:39  Roach  
  42  3:46  Lair  
  42  3:51  Overlord  
  42  3:56  Overlord  
  42  3:59  Zergling x2  
  42  4:01  Zergling x2  
  44  4:09  Zergling x2, Drone x2  
  47  4:11  Drone  
  47  4:13  Drone  
  47  4:16  Drone  
  50  4:21  Overlord  
  50  4:25  Roach  
  50  4:29  Roach  
  54  4:32  Roach  
  54  4:35  Roach  
  58  4:39  Overlord  
  58  4:45  Drone  
  59  4:46  Hydralisk Den  
  59  4:47  Drone  
  59  4:50  Drone  
  60  4:53  Roach  
  60  4:56  Roach  
  64  5:00  Overlord  
  64  5:07  Drone  
  65  5:09  Drone  
  65  5:11  Drone  
  65  5:13  Drone  
  65  5:15  Hydralisk, Drone  
  65  5:17  Zergling x2  
  65  5:18  Zergling x2  
  59  5:22  Hydralisk  
  59  5:26  Hydralisk  
  55  5:30  Roach  
  55  5:32  Hydralisk  
  55  5:34  Drone  
  60  5:36  Drone  
  60  5:38  Roach  
  60  5:40  Drone  
  60  5:42  Drone  
  63  5:43  Drone  
  63  5:45  Drone  
  63  5:47  Drone  
  66  5:55  Drone  
  66  5:56  Drone  
  69  5:57  Ravager  
  69  6:00  Ravager  
  70  6:05  Roach  
  70  6:07  Roach  
  70  6:11  Infestation Pit, Hydralisk, Roach, Overlord  
  74  6:17  Roach x2  
  81  6:29  Hydralisk, Roach  
  81  6:31  Extractor  
  84  6:33  Evolution Chamber  
  84  6:38  Overlord  
  84  6:39  Roach  
  85  6:43  Hydralisk, Roach  
  89  6:49  Extractor, Infestor, Drone  
  91  6:56  Drone  
  91  6:59  Evolution Chamber  
  91  7:00  Overlord  
  92  7:01  Drone  
  92  7:02  Zerg Missile Weapons Level 1  
  92  7:09  Spine Crawler  
  92  7:11  Drone  
  92  7:12  Spine Crawler, Drone  
  92  7:14  Hydralisk  
  92  7:15  Drone x2  
  96  7:20  Overseer  
  96  7:21  Overlord  
  96  7:23  Drone  
  96  7:28  Queen  
  99  7:30  Zerg Ground Armor Level 1  
  99  7:32  Drone  
  99  7:34  Drone  
  101  7:43  Overlord  
  101  7:45  Roach  
  101  7:46  Infestor, Lurker Den  
  101  7:47  Hatchery  
  103  7:52  Spore Crawler  
  103  7:53  Drone  
  103  7:57  Spore Crawler  
  103  7:58  Drone  
  103  8:07  Roach, Hydralisk  
  103  8:10  Baneling Nest, Drone  
  103  8:12  Hydralisk  
  107  8:15  Overlord  
  107  8:18  Hydralisk  
  110  8:21  Hydralisk  
  111  8:32  Hatchery  
  97  8:34  Zergling x2  
  97  8:36  Drone  
  97  8:39  Roach  
  97  8:40  Zergling x2  
  91  8:43  Roach  
  91  8:48  Roach x2  
  91  8:50  Roach, Lurker  
  91  8:53  Roach  
  96  8:55  Hydralisk  
  96  8:58  Hydralisk  
  96  9:00  Baneling  
  100  9:03  Zergling x2  
  100  9:09  Roach  
  103  9:10  Lurker  
  103  9:13  Hydralisk  
  103  9:16  Hydralisk, Roach  
  112  9:17  Roach  
  112  9:19  Hydralisk  
  112  9:23  Hydralisk  
  116  9:26  Hydralisk  
  116  9:30  Overlord  
  118  9:43  Hive  
  118  9:44  Drone x2  
  118  9:45  Drone  
  121  9:46  Drone  
  121  9:48  Drone  
  121  9:50  Drone  
  121  9:52  Drone  
  125  9:54  Drone  
  125  9:57  Overlord  
  125  9:59  Drone  
  127  10:01  Drone  
  127  10:02  Drone  
  127  10:03  Drone  
  127  10:05  Drone  
  127  10:07  Drone  
  132  10:09  Drone  
  132  10:10  Drone  
  132  10:12  Baneling  
  132  10:13  Baneling, Drone  
  135  10:14  Zergling x2  
  135  10:15  Drone  
  135  10:18  Overlord  
  137  10:22  Roach  
  137  10:24  Roach  
  137  10:25  Roach  
  137  10:27  Zerg Missile Weapons Level 2  
  143  10:35  Queen  
  145  10:37  Overlord  
  145  10:43  Zerg Ground Armor Level 2  
  145  10:46  Roach  
  145  10:48  Roach  
  149  10:51  Roach  
  149  10:53  Roach, Viper  
  149  10:55  Roach, Extractor, Overlord  
  157  11:01  Extractor  
  156  11:05  Spine Crawler  
  155  11:13  Viper  
  155  11:14  Overlord  
  155  11:17  Queen  
  155  11:18  Drone  
  161  11:20  Overseer  
  161  11:23  Hatchery  
  161  11:24  Drone x2  
  161  11:25  Drone x2  
  164  11:26  Overseer  
  164  11:32  Pneumatized Carapace  
  164  11:33  Overlord  
  164  11:38  Glial Reconstitution  
  164  11:45  Spine Crawler  
  163  11:49  Zergling x2  
  163  11:50  Zergling x2  
  163  11:52  Zergling x2  
  163  11:53  Roach  
  163  11:54  Hydralisk, Roach  
  162  11:55  Spine Crawler, Roach  
  162  11:56  Roach  
  162  11:58  Spine Crawler, Roach  
  162  12:00  Roach  
  123  12:01  Roach  
  123  12:04  Hydralisk  
  123  12:07  Hydralisk  
  110  12:10  Hydralisk  
  110  12:12  Roach  
  110  12:14  Hydralisk  
  106  12:17  Hydralisk  
  106  12:18  Ravager  
  106  12:19  Roach  
  106  12:21  Roach  
  113  12:23  Roach  
  113  12:24  Roach  
  113  12:26  Roach  
  113  12:27  Roach  
  113  12:29  Roach  
  123  12:30  Baneling  
  123  12:31  Roach  
  123  12:32  Roach  
  123  12:34  Roach  
  123  12:35  Roach, Drone  
  127  12:37  Drone  
  127  12:38  Zergling x2  
  127  12:40  Zergling x2  
  127  12:41  Drone  
  127  12:43  Drone  
  124  12:44  Drone  
  124  12:46  Drone  
  124  12:47  Drone  
  124  12:49  Drone  
  124  12:50  Drone  
  108  12:51  Drone  
  108  12:53  Hydralisk  
  108  12:56  Hydralisk  
  108  12:57  Drone  
  104  12:58  Drone  
  104  13:00  Roach  
  104  13:03  Roach  
  104  13:04  Hydralisk  
  99  13:06  Roach  
  99  13:08  Zergling x2  
  99  13:09  Hydralisk  
  99  13:11  Zergling x2  
  101  13:13  Roach  
  101  13:14  Roach  
  101  13:16  Roach  
  101  13:17  Roach  
  101  13:19  Roach  
  111  13:20  Hydralisk  
  111  13:23  Hydralisk  
  111  13:24  Ravager  
  111  13:26  Roach  
  118  13:29  Roach  
  118  13:30  Hydralisk  
  118  13:31  Baneling x2  
  118  13:32  Baneling, Zergling x2  
  118  13:33  Zergling x2  
  122  13:35  Hydralisk  
  122  13:36  Ravager  
  122  13:37  Roach  
  122  13:38  Hydralisk  
  124  13:41  Roach  
  124  13:42  Roach  
  124  13:44  Ravager  
  124  13:46  Roach  
  124  13:47  Hydralisk  
  126  13:50  Hydralisk  
  126  13:52  Baneling, Zergling x2  
  129  13:57  Spore Crawler, Drone  
  129  13:59  Spore Crawler  
  129  14:00  Infestor, Drone  
  131  14:05  Queen  
  131  14:07  Extractor  
  131  14:08  Queen, Roach, Drone  
  131  14:11  Roach, Zergling x2  
  127  14:18  Baneling  
  127  14:19  Baneling, Zergling x2  
  127  14:20  Infestor  
  127  14:22  Ravager, Roach, Extractor  
  127  14:23  Drone  
  133  14:24  Roach  
  133  14:26  Roach  
  133  14:27  Roach  
  133  14:29  Hydralisk  
  141  14:32  Hydralisk  
  141  14:35  Hydralisk  
  141  14:37  Baneling  
  145  14:39  Baneling, Zergling x2  
  145  14:40  Baneling  
  145  14:42  Baneling, Zergling x2  
  145  14:43  Hydralisk  
  149  14:46  Spine Crawler  
  149  14:47  Drone  
  149  14:48  Spine Crawler  
  149  14:49  Lurker, Drone  
  149  14:50  Hydralisk  
  152  14:55  Lurker  
  152  14:57  Hydralisk  
  155  15:07  Viper  
  155  15:12  Hatchery  
  155  15:13  Drone  
  158  15:16  Zerg Missile Weapons Level 3  
  162  15:21  Roach x3  
  162  15:22  Overseer  
  162  15:26  Spore Crawler  
  162  15:27  Drone  
  162  15:28  Spore Crawler  
  163  15:29  Drone  
  163  15:31  Roach  
  163  15:32  Spine Crawler, Roach x2, Overlord  
  163  15:35  Drone  
  170  15:41  Zerg Ground Armor Level 3  
  170  15:43  Zergling x2  
  170  15:44  Zergling x2  
  170  15:46  Burrow, Zergling x4  
  170  15:48  Evolution Chamber  
  173  16:00  Zergling x2  
  173  16:01  Zergling x2  
  175  16:07  Spine Crawler  
  175  16:08  Spore Crawler  
  173  16:11  Spine Crawler  
  173  16:13  Zerg Melee Weapons Level 1  
  173  16:15  Spore Crawler  
  173  16:16  Spine Crawler, Roach  
  172  16:20  Spore Crawler, Drone  
  172  16:22  Spore Crawler  
  172  16:23  Drone  
  173  16:25  Queen, Drone  
  173  16:26  Drone x4  
  173  16:27  Drone  
  180  16:33  Extractor, Drone  
  180  16:35  Ravager, Roach  
  183  16:40  Hatchery  
  183  16:42  Roach, Drone  
  183  16:47  Hydralisk  
  185  16:48  Spore Crawler  
  185  16:49  Drone  
  185  16:51  Hydralisk  
  189  16:54  Hydralisk  
  189  16:57  Ravager, Roach  
  189  16:59  Hydralisk  
  195  17:03  Extractor  
  195  17:04  Drone  
  195  17:06  Roach  
  195  17:07  Spine Crawler  
  195  17:08  Roach  
  190  17:09  Hydralisk, Roach, Infestor, Drone  
  190  17:10  Roach, Zergling x2, Hydralisk x2  
  190  17:11  Roach, Zergling x4  
  190  17:12  Zergling x2  
  190  17:13  Roach x2  
  190  17:14  Spire, Roach x2  
  190  17:15  Drone  
  168  17:16  Roach  
  168  17:18  Roach, Spore Crawler  
  168  17:19  Lurker, Drone  
  168  17:21  Roach  
  168  17:22  Roach  
  152  17:24  Roach  
  152  17:26  Roach  
  152  17:28  Roach, Baneling x2  
  144  17:30  Roach  
  144  17:32  Roach  
  144  17:33  Roach  
  144  17:34  Baneling  
  144  17:35  Baneling x2, Zergling x2  
  144  17:36  Roach  
  151  17:38  Roach  
  151  17:40  Ravager  
  151  17:41  Roach  
  151  17:42  Ravager, Hydralisk  
  143  17:45  Hydralisk  
  143  17:47  Hydralisk  
  143  17:50  Roach  
  143  17:51  Hydralisk  
  149  17:53  Hydralisk  
  149  17:56  Infestor  
  149  17:58  Hydralisk  
  155  18:01  Hydralisk  
  155  18:03  Overlord  
  159  18:06  Hydralisk  
  159  18:07  Overseer  
  159  18:10  Hydralisk  
  163  18:14  Lurker  
  163  18:17  Roach  
  163  18:18  Hydralisk  
  170  18:20  Roach  
  170  18:21  Spore Crawler  
  170  18:22  Overlord  
  170  18:23  Drone  
  170  18:26  Corruptor  
  170  18:28  Corruptor  
  170  18:32  Corruptor  
  176  18:37  Corruptor  
  176  18:41  Spine Crawler  
  177  18:42  Overlord  
  177  18:44  Drone  
  177  18:47  Viper  
  181  18:48  Spine Crawler  
  181  18:49  Drone  
  181  18:56  Viper, Spore Crawler  
  181  18:57  Drone  
  181  19:01  Tunneling Claws  
  184  19:03  Zergling x2  
  184  19:04  Zergling x2  
  184  19:05  Zergling x2  
  184  19:07  Zergling x2  
  188  19:10  Metabolic Boost  
  188  19:12  Queen  
  188  19:15  Hatchery  
  189  19:17  Drone  
  190  19:29  Hydralisk x2  
  190  19:30  Hydralisk x2  
  190  19:31  Roach  
  187  19:32  Roach, Ultralisk Cavern  
  187  19:33  Roach  
  187  19:34  Roach x2, Drone  
  166  19:38  Overlord  
  166  19:40  Corruptor  
  166  19:45  Overseer  
  161  19:48  Corruptor  
  157  19:53  Corruptor  
  157  19:57  Corruptor  
  157  19:58  Overlord  
  158  20:02  Corruptor, Roach  
  158  20:03  Roach  
  158  20:06  Corruptor  
  159  20:09  Roach  
  159  20:11  Corruptor, Hydralisk  
  159  20:12  Roach  
  159  20:14  Hydralisk, Extractor, Roach, Drone  
  156  20:16  Hydralisk  
  156  20:17  Zergling x2  
  156  20:18  Roach x2  
  156  20:21  Hydralisk, Ultralisk  
  146  20:24  Zergling x2  
  142  20:28  Ultralisk  
  142  20:29  Roach  
  142  20:31  Roach  
  142  20:32  Corruptor, Roach  
  142  20:34  Roach  
  142  20:35  Roach  
  139  20:37  Hydralisk  
  139  20:41  Corruptor  
  141  20:43  Roach  
  141  20:45  Zergling x2  
  141  20:46  Corruptor  
  141  20:48  Roach  
  143  20:51  Roach  
  143  20:52  Roach  
  145  20:57  Roach  
  145  20:58  Zergling x2  
  145  21:01  Spore Crawler, Drone  
  145  21:02  Roach  
  151  21:18  Spore Crawler  
  153  21:23  Spore Crawler  
Tags
 
Composition
Lurkers
Matchup
ZvZ
Race
Zerg
Spawn Locations
Cross Positions
Add a new tag
Caveats
  • Supply blocks, unpowered buildings, or Contaminate may cause inaccurate times.
  • Supply counts are checked every 10 seconds.